cohdb
Replays
Latest Replays
All Replays
Popular Replays
Top Player Replays
Match Explorer
How It Works
Community
CoH3 Stats
Reddit
Sign in to upload your games and track your stats! →
Sign in with Steam
Match 41011967
Unlisted
Match 41011967
Overview
Messages
Build Orders
End
Construct Infanterie Kompanie
MG 42 Machine Gun Team
MG 42 Machine Gun Team
GrW 34 Mortar Team
MG 42 Machine Gun Team
Infanterie Officer Quarters
Construct Panzergrenadier Kompanie
Selects Terror Battlegroup
Selects Machine Gun Camouflage
Selects Contempt for the Weak
Panzergrenadier Squad
Pak 40 Anti-tank Gun Team
Medical Station
Panzergrenadier Squad
High Voltage
StigsCzechCousin
whatevernix
luky je chuj
BloodSpark
Wittman
Cons01
B4R1SH
0
0
Comments
sign in to comment!
No comments posted yet!